 Dungeon Crawl Stone Soup version 0.26.0-16-gc1dbca0489 (webtiles) character file.

Game seed: 1566914508661690141

393 howech the Slasher (level 7, -7/54 HPs)
             Began as a Human Fighter on Jan 17, 2021.
             Was an Initiate of Ashenzari.
             Mangled by an ogre
             ... wielding a +0 giant spiked club
              (12 damage)
             ... on level 4 of the Dungeon.
             The game lasted 00:10:11 (3801 turns).

howech the Slasher (Human Fighter)                  Turns: 3801, Time: 00:10:11

Health: -7/54      AC: 15    Str: 16    XL:     7   Next: 8%
Magic:  7/7        EV:  3    Int:  9    God:    Ashenzari [......]
Gold:   180        SH: 10    Dex: 14    Spells: 6/6 levels left

rFire    . . .     SeeInvis .   a - +0 long sword
rCold    . . .     Faith    .   c - +1 kite shield
rNeg     . . .     Spirit   .   r - +1 plate armour
rPois    .         Reflect  .   (no helmet)
rElec    .         Harm     .   k - +2 cloak
rCorr    .         Rampage  .   (no gloves)
Will     .....                  (no boots)
Stlth    ..........             (no amulet)
HPRegen  0.18/turn              (no ring)
MPRegen  0.10/turn              (no ring)

@: no status effects
A: no striking features
a: Renounce Religion, Curse Item


You were on level 4 of the Dungeon.
You worshipped Ashenzari.
Ashenzari was noncommittal.
You visited 1 branch of the dungeon, and saw 4 of its levels.

You collected 180 gold pieces.

Inventory:

Hand Weapons
 a - a +0 long sword (weapon)
 p - a cursed -1 spear
Missiles
 g - 24 poisoned darts (quivered)
Armour
 c - a +1 kite shield (worn)
 k - a +2 cloak (worn)
 r - a +1 plate armour (worn)
Jewellery
 l - an uncursed ring of magical power
Scrolls
 f - 2 scrolls of teleportation
 h - a scroll of identify
Potions
 b - a potion of mutation {unknown}
 e - 2 potions of brilliance {unknown}
 i - 3 potions of curing {unknown}
 j - a potion of haste {unknown}
 o - a potion of flight {unknown}
 q - a potion of heal wounds {unknown}


   Skills:
 + Level 4.0 Fighting
 * Level 4.3 Long Blades
 + Level 4.0 Armour
 + Level 2.3 Dodging
 + Level 4.0 Shields


You had 6 spell levels left.
You didn't know any spells.
Your spell library was empty.

Dungeon Overview and Level Annotations

Branches:
Dungeon (4/15)
 Temple: D:4-7

Altars:
Ashenzari
Makhleb
Nemelex Xobeh
Sif Muna
Xom


Message History

You barely miss the ogre.
The ogre is heavily wounded.
The ogre hits you with a +0 giant spiked club!!
Your shield and plate armour prevent you from hitting the ogre.
The ogre is heavily wounded.
You block the ogre's attack.
You slash the ogre!
The ogre is severely wounded.
The ogre hits you with a +0 giant spiked club!
* * * LOW HITPOINT WARNING * * *
You hit the ogre.
The ogre is almost dead.
The ogre hits you with a +0 giant spiked club!
* * * LOW HITPOINT WARNING * * *
Okay, then.
Okay, then.
You hit the ogre but do no damage.
The ogre is severely wounded.
The ogre hits you with a +0 giant spiked club!
You die...

###############
#...l.........###
####.#####l##.##>)..
#.).?...##.##.##.# #
#.##l##.##O##....# #
#<# ##@#####.# #.#
#.#####.# #.#
#.<[†...# #.#
######### ... #.#


You could see an ogre and a frilled lizard.

Vanquished Creatures
  Sigmund (D:3)
  An orc priest (D:3)
  Jessica (D:3)
  2 orc wizards (D:3)
  A hound zombie (D:3)
  3 gnolls (D:2)
  4 adders
  4 worms
  3 dart slugs
  A leopard gecko (D:1)
  5 orcs
  2 ball pythons
  6 bats
  2 giant cockroaches
  5 goblins
  9 hobgoblins
  A quokka (D:2)
  6 kobolds
  10 rats
67 creatures vanquished.

Notes
Turn   | Place    | Note
-------+----------+-------------------------------------------
     0 | D:1      | howech the Human Fighter began the quest for the Orb.
     0 | D:1      | Reached XP level 1. HP: 18/18 MP: 1/1
    70 | D:1      | Reached XP level 2. HP: 24/24 MP: 2/2
   340 | D:1      | Reached XP level 3. HP: 29/29 MP: 3/3
   672 | D:2      | Found a shimmering altar of Xom.
   673 | D:2      | Found a shimmering altar of Xom.
   673 | D:2      | Found a shimmering altar of Xom.
   674 | D:2      | Found a shimmering altar of Xom.
   675 | D:2      | Found a shimmering altar of Xom.
   675 | D:2      | Found a shimmering altar of Xom.
   677 | D:2      | Found a shimmering altar of Xom.
   814 | D:2      | Reached skill level 1 in Dodging
  1123 | D:2      | Reached XP level 4. HP: 29/35 MP: 4/4
  1978 | D:2      | Reached XP level 5. HP: 41/41 MP: 5/5
  2350 | D:3      | Noticed Jessica
  2353 | D:3      | Killed Jessica
  2437 | D:3      | Noticed Sigmund
  2443 | D:3      | Killed Sigmund
  2444 | D:3      | Reached XP level 6. HP: 46/48 MP: 6/6
  2462 | D:3      | Found a broken altar of Ashenzari.
  2468 | D:3      | Became a worshipper of Ashenzari the Shackled
  2530 | D:3      | Found a shimmering blue altar of Sif Muna.
  3474 | D:3      | Reached XP level 7. HP: 44/54 MP: 7/7
  3695 | D:3      | Found a sparkling altar of Nemelex Xobeh.
  3695 | D:3      | Found a burning altar of Makhleb.
  3801 | D:4      | Mangled by an ogre

Illustrated notes

Levels and vault maps discovered:
D:1:      minmay_arrival_four_houses, layout_rooms, minmay_tetromino_s4
D:2:      layout_basic, xom_redecorated
D:3:      minmay_diamond_boxcup, layout_loops_corners,
          gammafunk_temple_overflow_elements, lemuel_doored_altar,
          ashenzari_altar_1, uniq_sigmund, uniq_jessica
D:4:      layout_loops_cross, minmay_temple_entry_butterflies, uniq_ijyb,
          uniq_duvessa, uniq_pikel

Skill      XL: |  1  2  3  4  5  6  7 |
---------------+----------------------+-----
Dodging        | 1 2 |  2.3
Long Blades    | 3 4 |  4.3
Fighting       | 4 |  4.0
Shields        | 4 |  4.0
Armour         | 4 |  4.0

Action                   |  1- 3 |  4- 6 |  7- 9 || total
-------------------------+-------+-------+-------++-------
Melee: Long sword        |    92 |   140 |    24 ||   256
  Use: Scroll            |       |     9 |       ||     9
       Potion            |       |     1 |       ||     1
Armor: Scale mail        |    36 |    27 |       ||    63
       Plate armour      |       |    41 |    12 ||    53
Dodge: Dodged            |    29 |    36 |     1 ||    66
Block: Kite shield       |    46 |    76 |     9 ||   131
       Rpst.: Long sword |     5 |    12 |     1 ||    18
